 Dungeon Crawl Stone Soup version 0.29.1-12-g30fa7ad0bf (webtiles) character file.

Game seed: 10563874412192136798

125 safid the Chiller (level 5, -5/39 HPs)
             Began as a Merfolk Ice Elementalist on Dec 24, 2022.
             Killed by nerve-wracking pain
             ... invoked by Jessica
              (10 damage)
             ... on level 3 of the Dungeon.
             The game lasted 00:08:08 (3231 turns).

safid the Chiller (Merfolk Ice Elementalist)        Turns: 3231, Time: 00:08:08

Health: -5/39      AC:  9    Str:  8    XL:     5   Next: 9%
Magic:  3/9        EV: 12    Int: 17    God:
Gold:   86         SH:  0    Dex: 14    Spells: 3/10 levels left

rFire   . . .      SeeInvis .   u - +1 short sword (venom)
rCold   . . .      Faith    .   (no shield)
rNeg    . . .      Spirit   .   a - +0 robe
rPois   .          Reflect  .   (no helmet)
rElec   .          Harm     .   (no cloak)
rCorr   .          Rampage  .   r - +0 pair of gloves
Will    .....                   (no boots)
Stlth   ++........              (no amulet)
HPRegen 0.13/turn               c - ring of flight
MPRegen 0.11/turn               (no ring)

@: ice-armoured, flying
A: (nimble swimmer 2), mertail
a: no special abilities


You were on level 3 of the Dungeon.
You visited 1 branch of the dungeon, and saw 3 of its levels.
You also visited: Sewer.

You collected 86 gold pieces.

Inventory:

Hand Weapons
 u - a +1 short sword of venom (weapon)
Armour
 a - a +0 robe (worn)
 r - a +0 pair of gloves (worn)
Jewellery
 c - a ring of flight (left hand)
Scrolls
 h - a scroll of torment {unknown}
 i - 6 scrolls of identify {unknown}
 j - a scroll of fear {unknown}
 k - 2 scrolls of noise {unknown}
 l - a scroll of vulnerability {unknown}
 t - a scroll of poison {unknown}
Potions
 b - 2 potions of magic
 d - 2 potions of curing
 f - 2 potions of heal wounds {unknown}
 g - a potion of haste {unknown}
 m - a potion of ambrosia {unknown}
 n - a potion of berserk rage {unknown}
 o - a potion of might {unknown}
 p - 3 potions of flight {unknown}
 q - 2 potions of degeneration {unknown}
 s - a potion of lignification {unknown}


   Skills:
 + Level 2.7 Fighting
 - Level 2.6 Dodging
 - Level 2.1 Stealth
 + Level 3.1 Spellcasting
 + Level 5.3 Ice Magic


You had 3 spell levels left.
You knew the following spells:

 Your Spells              Type           Power      Damage    Failure   Level
a - Freeze                Ice            80%        1d9       1%          1
b - Frozen Ramparts       Ice            40%        1d7       6%          3
c - Ozocubu's Armour      Ice            20%        N/A       6%          3

Your spell library contained the following spells:

 Spells                   Type           Power      Damage    Failure   Level
 Hailstorm                Conj/Ice       11%        3d5       50%         4


Dungeon Overview and Level Annotations

Branches:
Dungeon (3/15)              Sewer (visited)

Altars:
Xom

Shops:
D:2 (

Annotations:
D:3 Jessica


Innate Abilities, Weirdness & Mutations

((You are very nimble when in or above water. (Stealth+, EV+, Speed+++)))
Your lower body shifts to a powerful aquatic tail in water.


Message History

You hit Jessica but do no damage. Jessica completely misses you.
Jessica mumbles something strange.
Jessica closely misses you.
You closely miss Jessica. Jessica hits you but does no damage.
Jessica barely misses you. Jessica misses you.
You closely miss Jessica. Jessica hits you but does no damage.
Jessica casts a spell.
Jessica blinks!
Your icy armour will break if you move.
Continue?
Okay, then.
Unknown command.
Jessica is nearby!
You feel yourself speed up. Jessica gestures at you while chanting.
Pain shoots through your body!
* * * LOW HITPOINT WARNING * * *
Jessica gestures at you while chanting. You resist with some effort.
You hit Jessica.
Jessica is poisoned.
You punch Jessica, but do no damage.
Jessica is heavily wounded.
Jessica hits you but does no damage.
You hit Jessica but do no damage.
Jessica looks as sick as possible!
Jessica is heavily wounded.
Jessica drinks a potion.
Jessica is healed!
Jessica looks more healthy.
Jessica mumbles some strange words.
Jessica blinks!
Jessica is nearby!
Jessica is nearby!
Jessica gestures wildly while chanting.
Jessica blinks!
You closely miss Jessica.
Jessica is lightly wounded.
Jessica points at you and mumbles some strange words.
Pain shoots through your body!
* * * LOW HITPOINT WARNING * * *
You barely miss Jessica.
Jessica is lightly wounded.
Jessica gestures at you while chanting. Pain shoots through your body!
You die...

##..#...# #.#~~~~ #..
#....#####..~~~~ #?..
#..#...##...~~~. . ?..
#..#.#.....~~~~~ .. ..
##..#.#.###.#~~~~
#..##'##.....#.#
#...~~~
#.........###.##....#..
#....)@....†..†..##....
#.....@.....#....###.#.
######...#..§.##.# #...
#...###+###+###+##
#...#..#.......#..
##.##..#.......#..
#..'..'###'###'..
##.#..#.+...'.#..
#.#..#.#...#.#..
#.+##+.#._.#.+##


You could see Jessica (fast).

Vanquished Creatures
  7 adders
  A worm (D:3)
  A dart slug (D:1)
  2 endoplasms
  A giant cockroach (D:3)
  2 goblins (D:2)
  7 hobgoblins
  5 jackals
  5 quokkas
  10 ball pythons
  2 bats
  9 frilled lizards
  3 kobolds
  2 rats
57 creatures vanquished.

Notes
Turn   | Place    | Note
-------+----------+-------------------------------------------
     0 | D:1      | safid the Merfolk Ice Elementalist began the quest for the
                  | Orb.
     0 | D:1      | Reached XP level 1. HP: 13/13 MP: 3/3
   342 | D:1      | Reached XP level 2. HP: 7/20 MP: 3/5
   584 | D:1      | Reached skill level 1 in Fighting
  1023 | D:2      | Found Rauwk's Weapon Shoppe.
  1167 | D:2      | Reached XP level 3. HP: 25/26 MP: 3/6
  1940 | D:2      | Learned a level 3 spell: Frozen Ramparts
  1961 | D:3      | Found a glowing drain.
  1987 | D:3      | Reached skill level 5 in Ice Magic
  1989 | Sewer    | Entered a sewer
  2227 | Sewer    | Reached XP level 4. HP: 31/33 MP: 6/8
  2256 | Sewer    | Learned a level 3 spell: Ozocubu's Armour
  3095 | D:3      | Reached XP level 5. HP: 38/39 MP: 6/9
  3157 | D:3      | Found a shimmering altar of Xom.
  3211 | D:3      | Noticed Jessica
  3231 | D:3      | Killed from afar by Jessica

Illustrated notes

Levels and vault maps discovered:
D:1:      dpeg_arrival_shelter, layout_basic
D:2:      layout_loops_cross, serial_shops, nicolae_shop_bloodbath_and_beyond,
          minmay_stone_trees_medium
D:3:      layout_basic, mainiacjoe_overflow_24_doors,
          cheibrodos_sewer_entry_drain,
          dreamdust_ecumenical_altar_angels_and_demons, kennysheep_jessica_study

Skill      XL: |  1  2  3  4 |
---------------+-------------+-----
Fighting       | 1 2 |  2.7
Ice Magic      | 5 |  5.3
Spellcasting   | 3 |  3.1
Dodging        | |  2.6
Stealth        | |  2.1

Action                   |  1- 3 |  4- 6 || total
-------------------------+-------+-------++-------
Melee: Short sword       |    59 |    20 ||    79
       Punch             |       |     1 ||     1
 Cast: Freeze            |    40 |    30 ||    70
       Ozocubu's Armour  |       |     1 ||     1
 Stab: Sleeping          |     1 |       ||     1
Armor: Robe              |    14 |     9 ||    23
Dodge: Dodged            |    65 |    42 ||   107
